 Dungeon Crawl Stone Soup version 0.28-a0-384-g9e0c098162 (webtiles) character file.

Game seed: 4273968329677528877

253 thedisplayname the Cudgeller (level 6, 0/70 HPs)
             Began as a Human Berserker on Sept 2, 2021.
             Was a Believer of Trog.
             Slain by a goblin (4 damage)
             ... led by Robin
             ... on level 4 of the Dungeon.
             The game lasted 00:06:21 (4644 turns).

thedisplayname the Cudgeller (Human Berserker)      Turns: 4644, Time: 00:06:22

Health: 0/70       AC:  5    Str: 19    XL:     6   Next: 37%
Magic:  6/6        EV: 12    Int:  7    God:    Trog [**....]
Gold:   95         SH:  0    Dex: 13    Spells: 5/5 levels left

rFire   . . .      SeeInvis +   a - +3 mace
rCold   . . .      Faith    .   (no shield)
rNeg    . . .      Spirit   .   n - +1 leather armour {Will+}
rPois   .          Reflect  .   (no helmet)
rElec   .          Harm     .   k - +0 cloak
rCorr   .          Rampage  .   (no gloves)
Will    +++..                   (no boots)
Stlth   ..........              (no amulet)
HPRegen 1.21/turn               j - ring of see invisible
MPRegen 0.10/turn               (no ring)

@: berserking, strong-willed, regenerating, very quick
A: no striking features
a: Renounce Religion, Berserk, Trog's Hand


You were on level 4 of the Dungeon.
You worshipped Trog.
Trog was pleased with you.
You visited 1 branch of the dungeon, and saw 4 of its levels.

You collected 95 gold pieces.

Inventory:

Hand Weapons
 a - a +3 mace (weapon)
Missiles
 d - a throwing net (quivered)
Armour
 b - a +0 animal skin
 i - a +0 ring mail
 k - a +0 cloak (worn)
 n - a +1 leather armour of willpower (worn)
Jewellery
 j - a ring of see invisible (left hand)
Scrolls
 c - a scroll of silence {unknown}
 e - 2 scrolls of amnesia
 m - a scroll of fear {unknown}
Potions
 f - a potion of lignification
 g - 2 potions of berserk rage
 h - 2 potions of curing
 l - a potion of degeneration {unknown}


   Skills:
 - Level 3.1 Fighting
 * Level 6.6 Maces & Flails
 - Level 2.0 Armour
 - Level 2.0 Dodging


You had 5 spell levels left.
You didn't know any spells.
Your spell library was empty.

Dungeon Overview and Level Annotations

Branches:
Dungeon (4/15)
 Temple: D:4-7

Altars:
Xom


Message History

The goblin barely misses you.
Your skin crawls.
You feel strong-willed.
The goblin hits you with a +2 dagger of electrocution.
You are electrocuted!
The goblin closely misses you. The goblin hits you with a +0 club.
Robin throws the goblin at you! The goblin closely misses you. x2
A red film seems to cover your vision as you go berserk!
You feel yourself moving faster!
You feel mighty! The goblin barely misses you.
The goblin hits you with a +0 dagger. The goblin hits you but does no damage.
The goblin hits you with a +0 club.
* * * LOW HITPOINT WARNING * * *
The goblin hits you but does no damage. The goblin closely misses you.
You are too injured to fight recklessly!
You are too injured to fight recklessly!
You are too injured to fight recklessly!
You thump the goblin!
You kill the goblin!
Trog accepts your kill. The goblin hits you but does no damage.
The goblin barely misses you. x2
Robin misses you. The goblin hits you but does no damage.
The goblin hits you with a +2 dagger of electrocution.
* * * LOW HITPOINT WARNING * * *
You are electrocuted!
* * * LOW HITPOINT WARNING * * *
The goblin misses you. The goblin barely misses you.
Things that are here:
a +0 club; a +0 club You bludgeon Robin!!
You kill Robin!
Trog accepts your kill. The goblin hits you but does no damage.
The goblin closely misses you. The goblin completely misses you.
You thump the goblin!
You kill the goblin!
Trog accepts your kill. The goblin hits you with a +0 club.
* * * LOW HITPOINT WARNING * * *
The goblin hits you with a +0 dagger.
You die...

.............##...#......
.....................##..
............#.#..........
.........#..###..?..#...#
.....###...###......#...#
##......#....##....[....#
#....###.#.........<..##
......ggg...##.##...#.#
#.....)@g.........#####
#.....)....#..##...
........#..#.....##
##......##.#.....
$....##.# ..###.. .....
..# ..# #.. ..... ... ##
.... ...


You could see 4 goblins.

Vanquished Creatures
  A scorpion (D:4)
  Jessica (D:3)
  Natasha (thrice) (D:3)
  Robin (D:4)
  3 adders
  An orc (D:3)
  4 bats (D:3)
  6 endoplasms
  4 giant cockroaches
  9 goblins
  7 hobgoblins
  3 quokkas
  3 ball pythons
  3 frilled lizards
  4 kobolds
  7 rats
60 creatures vanquished.

Notes
Turn   | Place    | Note
-------+----------+-------------------------------------------
     0 | D:1      | thedisplayname the Human Berserker began the quest for the
                  | Orb.
     0 | D:1      | Reached XP level 1. HP: 18/18 MP: 1/1
   153 | D:1      | Reached XP level 2. HP: 24/24 MP: 2/2
   580 | D:1      | Found a faded altar of an unknown god.
  1296 | D:2      | Reached XP level 3. HP: 25/29 MP: 3/3
  1479 | D:2      | Reached skill level 4 in Maces & Flails
  1509 | D:2      | Reached ** piety under Trog
  1617 | D:2      | Found a shimmering altar of Xom.
  2512 | D:3      | Reached XP level 4. HP: 23/35 MP: 4/4
  2720 | D:3      | Noticed Jessica
  2732 | D:3      | Killed Jessica
  2733 | D:3      | Reached skill level 5 in Maces & Flails
  3851 | D:3      | Noticed Natasha
  3860 | D:3      | Killed Natasha
  3861 | D:3      | Reached XP level 5. HP: 20/41 MP: 5/5
  4099 | D:3      | Noticed Natasha
  4109 | D:3      | Killed Natasha
  4176 | D:3      | Noticed Natasha
  4192 | D:3      | Killed Natasha
  4509 | D:4      | Reached skill level 6 in Maces & Flails
  4514 | D:4      | Reached XP level 6. HP: 31/47 MP: 6/6
  4631 | D:4      | Noticed Robin
  4643 | D:4      | Killed Robin
  4644 | D:4      | Slain by a goblin

Illustrated notes

Levels and vault maps discovered:
D:1:      minmay_arrival_glassed_features, layout_loops_ring,
          hellmonk_ecumenical_altar_inner_sanctum
D:2:      layout_basic, basic_altar, feat_on_display
D:3:      layout_basic, uniq_jessica, uniq_natasha
D:4:      layout_cave_pools, uniq_robin, uniq_crazy_yiuf_cottage

Skill      XL: |  1  2  3  4  5 |
---------------+----------------+-----
Maces & Flails | 4 5 6 |  6.6
Fighting       | |  3.1
Armour         | |  2.0
Dodging        | |  2.0

Action                   |  1- 3 |  4- 6 || total
-------------------------+-------+-------++-------
Melee: Mace              |    88 |    89 ||   177
Invok: Berserk           |       |     4 ||     4
       Trog's Hand       |       |     1 ||     1
  Use: Scroll            |     4 |     3 ||     7
       Potion            |     2 |     3 ||     5
Armor: Animal skin       |     2 |       ||     2
       Ring mail         |    18 |    45 ||    63
       Leather armour    |       |    11 ||    11
Dodge: Dodged            |    48 |    82 ||   130

Table legend: (Time is in decaauts)
 A = Elapsed time spent in this place.
 B = Non-inter-level travel time spent in this place.
 C = Inter-level travel time spent in this place.
 D = Time resting spent in this place.
 E = Time spent auto-exploring this place.
 F = Levels seen in this place.
 G = Mean time per level.
                   A        B        C        D        E       F      G
               +--------+--------+--------+--------+--------+-----+--------+
         Total |   4688 |   4600 |     88 |   1991 |   2080 |   4 | 1172.0 |
       Dungeon |   4688 |   4600 |     88 |   1991 |   2080 |   4 | 1172.0 |
               +--------+--------+--------+--------+--------+-----+--------+

Top non-repeatable levels by time:
     D:3: 2010 daAuts
     D:2: 1272 daAuts
     D:1: 1214 daAuts
     D:4: 190 daAuts
